AoeStats
← Superhoops

Nomad

510814733Analyzed
4v4 RM · 6h ago on Oct 2, 2026· 47m 27s· 8 players
Game mode
Random Map
Map size
231×231
Population
200
Speed
Normal
Resources
Standard
Victory
Conquest
Starting age
Dark Age
Ending age
Imperial Age
RankedLock teamsTeams togetherTeam positionsShared explorationLock speedFull tech treeHidden civsTurbo modeCheats
Victory
Defeat
🇹🇼 Varangians · Taiwan
1275
+14
🇹🇼 Franks · Taiwan
1238
+16
🇹🇼 Magyars · Taiwan
1228
+16
🇹🇼 Britons · Taiwan
1216
+16
🇸🇪 Lithuanians · Sweden
1312
-19
🇸🇪 Malians · Sweden
1253
-17
🇸🇪 Vietnamese · Sweden
1250
-16
🇸🇪 Britons · Sweden
1097
-10
Superhoops
4:54 Loom
13:41 Feudal Age
21:13 Castle Age
19:07 Fletching
23:32 Wheelbarrow
23:30 Medium Warships
24:54 Bodkin Arrow
25:38 Padded Archer Armor
25:39 Scale Mail Armor
25:51 Horse Collar
26:00 Double-Bit Axe
25:47 Pikeman
30:12 Gold Mining
30:12 Stone Mining
30:48 Ballistics
31:52 Heavy Plow
32:09 Bow Saw
35:45 Imperial Age
34:54 Hand Cart
36:08 Leather Archer Armor
39:00 Yeomen
38:50 Bracer
40:54 Ring Archer Armor
41:28 Chemistry
43:02 Elite Longbowman
44:56 Masonry
44:52 Siege Engineers
44:28 Treadmill Crane
44:43 Murder Holes
45:54 Two-Man Saw
johansoderstrom1
5:32 Loom
13:30 Feudal Age
17:17 Castle Age
15:31 Double-Bit Axe
18:16 Bow Saw
26:58 Scale Mail Armor
29:42 Squires
30:25 Chain Mail Armor
35:47 Imperial Age
35:17 Forging
35:01 Horse Collar
36:52 Elite Gbeto
40:02 Chemistry
39:39 Murder Holes
40:45 Wheelbarrow
39:45 Pikeman
41:31 Iron Casting
41:27 Plate Mail Armor
Grymmaklumpen22
4:55 Loom
12:38 Feudal Age
14:39 Double-Bit Axe
21:33 Castle Age
20:41 Fletching
22:58 Medium Warships
22:47 Bodkin Arrow
22:53 Padded Archer Armor
23:15 Bow Saw
24:46 Crossbowman
29:42 Gold Mining
30:29 Wheelbarrow
30:41 Ballistics
30:27 Thumb Ring
30:59 Fishing Lines
31:43 Leather Archer Armor
34:45 Horse Collar
39:18 Imperial Age
39:29 Arbalester
40:14 Bracer
40:45 Ring Archer Armor
41:19 Chemistry
39:50 Pikeman
40:31 Squires
40:32 Scale Mail Armor
40:42 Forging
40:38 Murder Holes
41:52 Halberdier
Peppe L-G
7:11 Loom
12:14 Feudal Age
12:44 Double-Bit Axe
13:02 Fishing Lines
15:53 Gold Mining
16:47 Wheelbarrow
23:28 Castle Age
22:13 Scale Mail Armor
23:30 Pikeman
24:56 Chain Mail Armor
29:09 Gillnets
29:54 Bow Saw
33:03 Town Watch
36:00 Stone Mining
38:17 Scale Barding Armor
38:48 Hand Cart
38:58 Husbandry
39:34 Chain Barding Armor
42:46 Imperial Age
40:55 Bloodlines
41:24 Horse Collar
42:22 Forging
42:32 Fletching
44:09 Plate Barding Armor
43:45 Cavalier
45:58 Iron Casting
47:04 Paladin
aireight
12:52 Loom
14:42 Feudal Age
18:50 Castle Age
16:56 Double-Bit Axe
18:09 Bloodlines
18:07 Scale Barding Armor
18:13 Forging
17:56 Gold Mining
20:55 Chain Barding Armor
21:20 Town Watch
21:53 Fletching
23:33 Medium Warships
28:21 Horse Collar
30:18 Bow Saw
30:12 Heavy Plow
33:07 Iron Casting
35:49 Wheelbarrow
41:23 Imperial Age
40:15 Bodkin Arrow
40:23 Elite Skirmisher
41:39 Hand Cart
42:10 Bracer
42:58 Padded Archer Armor
44:15 Leather Archer Armor
45:00 Ballistics
45:41 Chemistry
46:37 Ring Archer Armor
xbuner2009
7:40 Loom
11:32 Loom
14:19 Feudal Age
19:01 Castle Age
17:25 Double-Bit Axe
17:34 Gold Mining
22:39 Wheelbarrow
27:23 Gold Shaft Mining
28:54 Stone Mining
34:33 Imperial Age
32:12 Husbandry
32:29 Scale Barding Armor
33:10 Forging
33:53 Chain Barding Armor
34:39 Cavalier
35:42 Conscription
35:48 Hand Cart
36:21 Plate Barding Armor
36:25 Iron Casting
36:59 Bow Saw
36:22 Paladin
38:29 Blast Furnace
38:12 Chivalry
43:14 Fletching
43:24 Padded Archer Armor
42:46 Ordonnance Companies
A POPO
8:14 Loom
13:16 Feudal Age
17:44 Castle Age
16:21 Horse Collar
16:42 Double-Bit Axe
18:16 Loom
19:58 Scale Barding Armor
26:18 Bloodlines
29:27 Wheelbarrow
29:10 Husbandry
29:36 Heavy Plow
32:35 Chain Barding Armor
34:12 Bow Saw
35:05 Hand Cart
38:26 Corvinian Army
44:10 Imperial Age
45:16 Conscription
44:16 Elite Magyar Huszar
44:29 Cavalier
45:50 Crop Rotation
46:47 Plate Barding Armor
48:00 Medium Warships
jkojoe
12:09 Loom
14:53 Feudal Age
16:07 Double-Bit Axe
21:19 Castle Age
20:06 Stone Mining
21:32 Gold Mining
25:40 Fishing Lines
26:29 Fletching
27:20 Bow Saw
26:53 Horse Collar
28:56 Bodkin Arrow
29:36 Heavy Plow
32:18 Padded Archer Armor
36:10 Imperial Age
34:28 Wheelbarrow
35:32 Leather Archer Armor
35:46 Hand Cart
36:35 Gold Shaft Mining
38:16 Chemistry
38:59 Ballistics
40:02 Conscription
40:14 Warwolf
40:38 Town Watch
42:03 Town Patrol
42:24 Siege Engineers
43:22 Yeomen
44:10 Bracer
44:41 Ring Archer Armor
44:07 Treadmill Crane
47:04 Two-Man Saw
46:33 Elite Longbowman
Connection lost

Rejoining the realm…

Still unreachable

The connection could not be restored.

Session expired

The server has moved on; the page needs a fresh start.